Map: Ley Lines

Players

frugs - Winner!

  • Race: Terran Terran
  • Spawn Location: 1:00

kitune

  • Race: Zerg Zerg
  • Spawn Location: 7:00

VOD

Have the link to the VOD?

Description

Time

  • Played on: May 14, 2025, 6:19 p.m.
  • Length: 13:55
Show
View Real Time Build Order
Export as new Build Order

frugs Terran - Winner!

Build Orders: Liberator Opening, Reaper Expand 

Get SALT Encoding   

  12  0:00  SCV  
  13  0:12  SCV  
  14  0:17  Supply Depot  
  14  0:25  SCV  
  15  0:39  Barracks  
  15  0:42  SCV  
  16  0:44  Refinery  
  16  0:54  SCV  
  17  1:06  SCV  
  18  1:19  SCV  
  19  1:28  Reaper  
  20  1:33  Orbital Command  
  20  1:41  Command Center  
  20  1:49  Supply Depot  
  20  2:00  Marine  
  21  2:06  SCV  
  22  2:11  Refinery  
  22  2:15  Factory  
  22  2:18  SCV  
  23  2:24  Barracks Reactor  
  23  2:37  SCV  
  24  2:50  SCV  
  25  2:56  Orbital Command  
  25  3:02  SCV  
  26  3:10  Starport  
  26  3:11  Hellion x2  
  30  3:16  Barracks Tech Lab  
  30  3:17  Orbital Command  
  30  3:18  SCV  
  31  3:32  Hellion x2  
  35  3:36  Marine  
  35  3:40  Stimpack  
  36  3:43  SCV  
  36  3:45  SCV  
  38  3:50  Liberator  
  38  3:52  Supply Depot  
  38  3:55  Hellion x2  
  45  3:59  SCV  
  46  4:10  Marine  
  46  4:12  SCV  
  46  4:14  Supply Depot  
  48  4:27  Hellion  
  48  4:28  Hellion, Marine  
  48  4:29  SCV x2  
  55  4:36  Supply Depot  
  55  4:41  SCV  
  56  4:54  SCV x2  
  58  5:01  Engineering Bay  
  58  5:03  Engineering Bay  
  58  5:06  SCV x2, Command Center, Supply Depot  
  59  5:18  SCV  
  60  5:22  Starport Reactor  
  60  5:31  SCV x2, Terran Infantry Weapons Level 1, Barracks  
  60  5:34  Barracks  
  62  5:37  Factory Tech Lab  
  62  5:38  Refinery  
  62  5:41  Refinery  
  59  5:43  SCV x2  
  61  5:56  SCV  
  60  5:57  Missile Turret  
  60  5:59  Missile Turret x2  
  60  6:03  SCV  
  61  6:04  Missile Turret  
  61  6:08  SCV  
  62  6:16  SCV  
  63  6:19  Starport Reactor  
  63  6:20  SCV  
  67  6:25  Supply Depot, Siege Tank  
  67  6:27  Missile Turret  
  67  6:28  SCV  
  67  6:32  SCV  
  69  6:34  Marine x2  
  69  6:38  Marine x2  
  69  6:39  Marine  
  73  6:40  SCV  
  73  6:42  Combat Shield  
  73  6:44  SCV  
  76  6:48  Orbital Command, Supply Depot  
  76  6:52  SCV  
  77  6:56  SCV  
  77  6:57  Siege Tank  
  77  7:01  Marine x5  
  82  7:04  SCV  
  87  7:08  SCV  
  87  7:10  Orbital Command, Supply Depot, Medivac  
  87  7:11  Medivac  
  92  7:19  Marine  
  93  7:27  Missile Turret  
  93  7:29  Missile Turret, Siege Tank  
  96  7:37  Barracks  
  96  7:40  Barracks, Medivac  
  96  7:41  Medivac  
  96  7:43  Factory  
  100  7:47  Marine x4  
  100  7:48  Marine  
  105  7:52  Terran Infantry Armor Level 1  
  105  8:02  Siege Tank  
  105  8:05  Marine x4  
  111  8:10  Medivac  
  98  8:22  Marine x2  
  98  8:23  Marine  
  101  8:27  Supply Depot  
  101  8:30  Supply Depot  
  101  8:34  Siege Tank  
  104  8:35  Armory  
  104  8:36  Factory Tech Lab, Barracks Reactor  
  104  8:37  Barracks Reactor  
  104  8:39  SCV x2  
  106  8:41  SCV  
  107  8:49  Marine x5  
  107  8:51  SCV x2  
  114  8:59  SCV  
  115  9:03  SCV x2  
  115  9:06  Marine x2  
  115  9:07  Marine x3  
  122  9:11  SCV  
  122  9:12  Siege Tank x2  
  129  9:19  Marine x2  
  129  9:20  Marine  
  129  9:24  Marine x3  
  129  9:25  Marine x2  
  129  9:28  Medivac x2  
  138  9:32  Marine  
  138  9:37  Marine  
  140  9:39  Marine  
  141  9:55  Supply Depot x2  
  141  9:56  Supply Depot  
  141  9:58  Marine x9, Medivac x2, Siege Tank  
  141  9:59  Siege Tank  
  136  10:15  Marine x2  
  136  10:16  Marine  
  136  10:19  Marine x4  
  133  10:28  Medivac  
  135  10:30  Siege Tank  
  135  10:31  Marine x2, Siege Tank  
  135  10:33  Marine  
  135  10:34  Marine  
  135  10:35  Marine  
  144  10:37  Marine x2  
  146  10:46  SCV  
  115  11:02  Siege Tank  
  115  11:03  Marine x9, Siege Tank  
  128  11:20  Marine x2  
  128  11:21  Marine x7  
  136  11:34  Siege Tank  
  136  11:35  Siege Tank  
  136  11:38  Marine x6  
  136  11:39  Marine x3  
  140  11:56  Marine x6  
  140  11:57  Marine x2  
  148  12:04  Marine  
  148  12:06  Siege Tank, Medivac x2  
  148  12:07  Siege Tank  
  159  12:14  Marine x4  
  163  12:20  Missile Turret  
  160  12:36  Medivac  
  160  12:38  Siege Tank  
  160  12:39  Siege Tank  
  157  12:47  Engineering Bay  
  157  12:52  Marine x9  
  166  13:01  Orbital Command  
  166  13:09  Marine  
  166  13:11  Siege Tank  
  166  13:12  Hellion  
  136  13:18  Marine x3  
  131  13:26  Marine x2  
  130  13:33  Hellion  
  128  13:38  Missile Turret  
Show
View Real Time Build Order
Export as new Build Order

kitune Zerg 

Build Orders: Pool First 

Get SALT Encoding   

  12  0:01  Drone  
  13  0:12  Overlord  
  13  0:17  Drone  
  14  0:31  Drone x2  
  16  0:41  Spawning Pool  
  15  0:44  Drone  
  15  0:49  Drone  
  17  1:10  Hatchery  
  17  1:11  Drone  
  17  1:14  Extractor  
  16  1:28  Zergling x2  
  16  1:29  Zergling x4  
  19  1:35  Queen  
  21  1:43  Drone  
  22  1:51  Overlord  
  22  2:13  Drone x2  
  24  2:15  Queen  
  24  2:21  Metabolic Boost  
  26  2:35  Drone  
  26  2:36  Drone  
  28  2:37  Queen  
  30  2:45  Drone x2  
  30  2:49  Overlord  
  32  2:59  Lair  
  32  3:05  Drone  
  33  3:06  Drone  
  33  3:11  Drone  
  33  3:12  Drone  
  36  3:16  Drone  
  36  3:17  Drone  
  38  3:22  Overlord  
  38  3:24  Drone  
  39  3:29  Extractor  
  39  3:34  Drone x3  
  41  3:45  Drone x5  
  46  3:48  Overlord  
  46  3:55  Drone  
  46  3:56  Drone  
  46  3:59  Extractor  
  46  4:01  Extractor  
  46  4:06  Zergling x6  
  49  4:10  Spire  
  49  4:12  Drone  
  48  4:30  Drone x3  
  51  4:34  Drone x4  
  51  4:35  Baneling Nest  
  54  4:43  Zergling x4  
  54  4:44  Zergling x4  
  58  4:52  Overlord x2  
  58  5:01  Drone  
  49  5:24  Mutalisk  
  49  5:25  Mutalisk x5  
  61  5:37  Zergling x2  
  61  5:38  Zergling x8  
  61  5:40  Overlord  
  61  5:41  Overlord  
  61  5:42  Queen  
  65  5:53  Zergling x2  
  65  5:54  Zergling x6  
  66  5:59  Drone  
  67  6:12  Drone x2  
  67  6:13  Drone  
  67  6:16  Centrifugal Hooks  
  70  6:21  Hatchery  
  69  6:29  Queen  
  71  6:42  Drone  
  71  6:44  Zergling x10  
  77  7:08  Infestation Pit  
  76  7:10  Zerg Flyer Weapons Level 1  
  76  7:11  Evolution Chamber  
  76  7:12  Evolution Chamber  
  74  7:31  Baneling  
  74  7:32  Baneling x14  
  74  7:33  Zergling x2, Baneling x2  
  74  7:34  Zergling x20  
  74  7:36  Hatchery  
  84  7:46  Drone x7  
  91  7:56  Mutalisk x2  
  75  8:22  Zergling x18  
  75  8:23  Zergling x4  
  86  8:29  Hive  
  86  8:31  Zerg Melee Weapons Level 1  
  86  8:32  Zerg Ground Armor Level 1  
  86  8:39  Drone x3  
  89  8:42  Drone x6  
  89  8:45  Baneling  
  89  8:46  Baneling x8  
  95  8:54  Drone x5  
  100  8:57  Queen  
  102  9:04  Zerg Flyer Armor Level 1  
  102  9:17  Hatchery  
  100  9:25  Zergling x6  
  100  9:31  Overlord x4  
  103  9:32  Overlord x2  
  103  9:37  Extractor  
  102  9:38  Extractor  
  101  9:46  Ultralisk Cavern  
  101  9:49  Spine Crawler  
  101  9:51  Spine Crawler  
  98  9:52  Spore Crawler  
  98  9:55  Zergling x2  
  98  9:56  Zergling x24  
  92  10:19  Zergling x8  
  92  10:20  Zergling x16  
  94  10:22  Baneling x9  
  94  10:23  Baneling x3  
  91  10:31  Zergling x6  
  74  10:55  Zergling x2  
  74  10:56  Zergling x12  
  73  11:02  Ultralisk x3  
  91  11:11  Ultralisk  
  91  11:20  Ultralisk  
  90  11:30  Baneling x8  
  89  11:38  Ultralisk  
  63  11:55  Mutalisk x3  
  69  12:10  Drone  
  69  12:11  Drone  
  69  12:13  Drone  
  60  12:47  Mutalisk x2  
  60  12:48  Mutalisk  
  66  12:58  Zergling x4  
  66  12:59  Zergling x2  
Tags
 
Add a new tag
Caveats
  • Supply blocks, unpowered buildings, or Contaminate may cause inaccurate times.
  • Supply counts are checked every 10 seconds.